 Dungeon Crawl Stone Soup version 0.21.0-3-g78d12a8 (console) character file.

21 removed the Charmwright (level 2, -1/20 HPs)
             Began as a Demigod Wanderer on Jan 17, 2018.
             Slain by an adder (4 damage)
             ... on level 2 of the Dungeon.
             The game lasted 00:03:57 (1609 turns).

removed the Charmwright (Demigod Wanderer)          Turns: 1609, Time: 00:03:58

Health: -1/20      AC:  5    Str: 14    XL:     2   Next: 48%
Magic:  1/5        EV: 10    Int: 18    God:
Gold:   39         SH:  0    Dex: 14    Spells: 0/3 levels left

rFire    . . .     SeeInvis .   b - +0 blowgun
rCold    . . .     Gourm    .   (no shield)
rNeg     . . .     Faith    .   d - +0 ring mail
rPois    .         Spirit   .   (no helmet)
rElec    .         Reflect  .   (no cloak)
rCorr    .         Harm     .   (no gloves)
MR       .....                  (no boots)
Stlth    +.........             (no amulet)
HPRegen  0.06/turn              (no ring)
MPRegen  0.09/turn              (no ring)

@: lethally poisoned (-1 -> -16), very slightly contaminated
A: high mp 1
a: no special abilities


You were on level 2 of the Dungeon.
You were not hungry.

You visited 1 branch of the dungeon, and saw 2 of its levels.

You collected 39 gold pieces.

Inventory:

Hand Weapons
 a - a +0 dagger
 b - a +0 blowgun (weapon)
Missiles
 c - 10 poisoned needles (quivered)
Armour
 d - a +0 ring mail (worn)
Scrolls
 h - 2 scrolls of enchant armour {unknown}
 i - a scroll of amnesia {unknown}
 j - a scroll of fear {unknown}
 k - a scroll of blinking {unknown}
 l - a scroll of teleportation {unknown}
 m - a scroll of immolation {unknown}
 n - a scroll of noise {unknown}
Books
 g - a book of Conjurations

   Spells                             Type                      Level
   a - Magic Dart                     Conjuration                  1
   b - Searing Ray                    Conjuration                  2
   c - Dazzling Spray                 Conjuration/Hexes            3
   d - Fulminant Prism                Conjuration/Hexes            4
   e - Force Lance                    Conjuration/Translocation    4
   f - Iskenderun's Mystic Blast      Conjuration                  4
Comestibles
 f - 4 rations


   Skills:
 - Level 1.0 Throwing
 - Level 2.6 Armour
 - Level 1.0 Spellcasting
 + Level 2.5 Conjurations
   Level 2.6 Charms
   Level 1.0 Evocations


You couldn't memorise any spells.
You knew the following spells:

 Your Spells              Type           Power        Failure   Level  Hunger
a - Magic Dart            Conj           #...         14%         1    ##.....
b - Searing Ray           Conj           #.....       22%         2    ###....


Dungeon Overview and Level Annotations

Branches:
Dungeon (2/15)

Annotations:
D:2 Jessica


Innate Abilities, Weirdness & Mutations

You have an increased reservoir of magic. (+10% MP)


Message History

You kill the giant cockroach!
Press: ? - help, v - describe, . - travel
Here: an adder (heavily wounded, poisoned)
The floor, spattered with blood.
* * * LOW HITPOINT WARNING * * *
You feel sick.
* * * LOW HITPOINT WARNING * * *
You feel sick. The adder bites you.
* * * LOW HITPOINT WARNING * * *
You are more poisoned.
The adder poisons you!
Unknown command.
Firing (i - inventory):
c - 11 poisoned needles (quivered)
Press: ? - help, Shift-Dir - straight line, f/p - adder
Aim: an adder (severely wounded, poisoned)
You shoot a poisoned needle.
The poisoned needle closely misses the adder.
The poisoned needle closely misses the bat.
The adder bites you.
You die...

########.# #..#
.......<.# #.##
########## #.#
#.# #.# #.#
#.#####.#
#.......#
#@#######
######S###
.......b..#
#######.#@#
..(#(# #
#####.#####.#
#@r....#...
#K.........
#####.#.#####..


You could see an adder, Jessica and a bat.

Vanquished Creatures
  2 dart slugs (D:1)
  A leopard gecko (D:1)
  2 giant cockroaches
  2 hobgoblins (D:1)
  4 jackals (D:1)
  4 rats (D:1)
15 creatures vanquished.

Notes
Turn   | Place    | Note
-------+----------+-------------------------------------------
     0 | D:1      | removed the Demigod Wanderer began the quest for the Orb.
     0 | D:1      | removed set off with: a book of Conjurations, a +0 ring mail, 14 poisoned needles, a +0 blowgun, a ration
     0 | D:1      | Reached XP level 1. HP: 14/14 MP: 4/4
     2 | D:1      | Learned a level 1 spell: Magic Dart
   522 | D:1      | Reached XP level 2. HP: 13/20 MP: 2/5
   826 | D:1      | Learned a level 2 spell: Searing Ray
  1592 | D:2      | Noticed Jessica
  1609 | D:2      | Slain by an adder

Skill      XL: |  1 |
---------------+----+-----
Conjurations   | 2 |  2.5
Throwing       | |  1.0
Armour         | |  2.6
Spellcasting   | |  1.0
Charms         | |  2.6
Evocations     | |  1.0

Action                   || total
-------------------------++-------
Melee: Dagger            ||    28
 Fire: Blowgun           ||    23
 Cast: Magic Dart        ||    31
  Eat: Ration            ||     1
Armor: Ring mail         ||    18
Dodge: Dodged            ||    36
